Map: Deathaura LE

Players

TeebuL

  • Race: Protoss Protoss
  • Spawn Location: 5:00

Azure - Winner!

  • Race: Terran Terran
  • League: Grandmaster
  • Spawn Location: 11:00

Event: DreamHack SC2 Masters 2020 Winter

VOD

Have the link to the VOD?

Description

Time

  • Played on: Oct. 17, 2020, 12:37 a.m.
  • Length: 14:41

All games in this series

Show
View Real Time Build Order
Export as new Build Order

TeebuL Protoss 

Build Orders: Phoenix Opening 

Get SALT Encoding   

  12  0:00  Probe  
  13  0:12  Probe  
  14  0:18  Pylon  
  14  0:24  Probe  
  15  0:36  Probe (Chrono Boost)  
  15  0:40  Gateway  
  16  0:48  Probe (Chrono Boost), Assimilator  
  17  0:54  Probe (Chrono Boost)  
  18  1:03  Probe  
  19  1:15  Probe  
  20  1:28  Zealot, Assimilator  
  22  1:34  Cybernetics Core  
  22  1:37  Probe, Pylon  
  23  1:43  Assimilator  
  23  1:55  Probe (Chrono Boost)  
  24  2:05  Probe (Chrono Boost)  
  25  2:10  Probe (Chrono Boost), Nexus  
  26  2:17  Adept  
  28  2:23  Probe  
  29  2:31  Stargate  
  29  2:36  Warp Gate  
  29  2:38  Probe  
  30  2:44  Pylon  
  30  3:01  Adept (Chrono Boost)  
  30  3:03  Probe  
  33  3:13  Phoenix (Chrono Boost)  
  33  3:15  Gateway  
  33  3:19  Probe  
  36  3:22  Adept  
  36  3:23  Probe  
  39  3:31  Probe  
  39  3:34  Shield Battery  
  38  3:39  Phoenix  
  40  3:43  Probe (Chrono Boost)  
  40  3:46  Probe (Chrono Boost)  
  43  3:58  Probe (Chrono Boost)  
  43  4:00  Probe (Chrono Boost)  
  44  4:03  Probe (Chrono Boost)  
  44  4:04  Phoenix  
  44  4:06  Probe (Chrono Boost)  
  46  4:12  Probe  
  45  4:18  Probe  
  43  4:24  Probe (Chrono Boost), Adept  
  45  4:33  Probe (Chrono Boost)  
  45  4:37  Probe (Chrono Boost)  
  45  4:38  Robotics Facility  
  47  4:39  Phoenix  
  47  4:43  Probe (Chrono Boost)  
  47  4:44  Probe (Chrono Boost)  
  51  4:48  Probe (Chrono Boost)  
  51  4:52  Probe  
  52  4:56  Assimilator  
  52  4:57  Pylon  
  52  4:59  Probe  
  54  5:00  Pylon  
  54  5:15  Probe x2, Phoenix  
  56  5:28  Probe x2  
  52  5:29  Robotics Bay  
  52  5:31  Immortal  
  56  5:42  Probe  
  57  5:45  Pylon  
  57  5:46  Probe, Nexus  
  58  5:56  Twilight Council  
  58  5:57  Gateway  
  58  5:59  Gateway  
  58  6:01  Gateway  
  58  6:02  Sentry  
  58  6:04  Probe  
  61  6:07  Assimilator  
  61  6:09  Zealot  
  63  6:16  Colossus (Chrono Boost)  
  63  6:22  Probe  
  63  6:23  Probe  
  71  6:28  Pylon  
  71  6:34  Probe  
  71  6:35  Probe  
  71  6:37  Charge (Chrono Boost)  
  73  6:49  Gateway  
  73  6:50  Sentry  
  73  6:51  Zealot, Gateway  
  73  6:52  Extended Thermal Lance (Chrono Boost)  
  73  6:53  Gateway  
  78  6:54  Probe  
  78  7:07  Colossus (Chrono Boost)  
  78  7:09  Zealot x3  
  90  7:18  Probe  
  90  7:20  Probe  
  92  7:24  Zealot x2  
  96  7:33  Sentry  
  96  7:34  Probe  
  96  7:35  Zealot  
  101  7:37  Probe  
  101  7:41  Shield Battery  
  101  7:42  Probe  
  101  7:46  Probe  
  101  7:50  Probe  
  101  7:51  Pylon  
  101  7:52  Pylon  
  101  7:55  Probe  
  101  8:07  Colossus (Chrono Boost)  
  101  8:08  Pylon  
  101  8:09  Probe x2, Pylon  
  101  8:10  Probe  
  108  8:14  Zealot x3  
  114  8:26  Zealot  
  114  8:27  Zealot x4  
  120  8:33  Pylon  
  124  8:35  Zealot x2  
  124  8:49  Zealot x2  
  124  8:50  Zealot x2  
  128  9:02  Zealot  
  128  9:03  Zealot x3  
  128  9:04  Immortal  
  128  9:06  Probe  
  141  9:18  Pylon  
  141  9:19  Pylon  
  141  9:33  Probe x2  
  111  9:41  Colossus (Chrono Boost)  
  89  9:50  Zealot x8  
  89  9:57  Blink (Chrono Boost)  
  89  10:03  Forge  
  89  10:05  Assimilator  
  89  10:06  Assimilator  
  87  10:09  Templar Archives  
  87  10:13  Zealot x5  
  87  10:14  Zealot x3  
  91  10:24  Colossus (Chrono Boost)  
  93  10:30  Protoss Ground Weapons Level 1 (Chrono Boost)  
  93  10:37  Stalker x3  
  93  10:38  Stalker  
  101  10:46  Zealot  
  101  10:47  Zealot x3  
  107  11:02  Stalker x2  
  107  11:03  Stalker x2  
  107  11:04  Stalker x2  
  107  11:08  Stalker x2  
  113  11:12  High Templar x2  
  113  11:16  Archon  
  121  11:26  High Templar x3  
  121  11:27  Pylon, High Templar  
  121  11:28  Pylon  
  121  11:32  Archon x2  
  129  11:33  Zealot  
  131  11:41  Immortal (Chrono Boost)  
  131  11:46  Pylon x2  
  131  11:49  Zealot x2  
  131  11:52  High Templar x2  
  139  11:56  Archon  
  139  11:58  Zealot  
  139  11:59  Zealot  
  107  12:10  Zealot  
  107  12:11  Zealot x2  
  97  12:20  Zealot x2  
  85  12:25  Zealot x2  
  78  12:31  Immortal (Chrono Boost)  
  78  12:32  Zealot, High Templar x2  
  88  12:37  Archon  
  88  12:45  Cybernetics Core  
  88  12:47  High Templar x2  
  88  12:48  High Templar x2  
  96  12:51  Gateway  
  96  12:55  Pylon  
  96  13:00  High Templar x2  
  96  13:01  Archon x2  
  100  13:08  Archon  
  100  13:10  Zealot, Disruptor (Chrono Boost)  
  100  13:14  Nexus  
  103  13:21  Zealot  
  103  13:23  Sentry  
  107  13:27  Sentry  
  107  13:32  Stalker  
  111  13:41  Zealot  
  111  13:51  Stalker  
  105  14:05  Stalker x2  
  101  14:16  High Templar  
  101  14:17  Zealot, High Templar  
  93  14:21  Archon  
Show
View Real Time Build Order
Export as new Build Order

Azure Terran - Winner!

Build Orders:  

Get SALT Encoding   

  12  0:00  SCV  
  13  0:12  SCV  
  14  0:17  Supply Depot  
  14  0:24  SCV  
  15  0:35  Refinery  
  15  0:38  SCV  
  16  0:44  Barracks  
  16  0:50  SCV  
  17  1:03  SCV  
  18  1:20  Engineering Bay  
  18  1:21  SCV  
  19  1:31  Marine  
  20  1:36  Factory  
  20  1:40  Orbital Command  
  20  1:51  Supply Depot  
  20  1:59  Barracks Reactor  
  20  2:07  SCV  
  21  2:19  SCV  
  22  2:31  SCV, Starport  
  23  2:38  Hellion x2  
  23  2:43  SCV  
  28  2:48  Command Center  
  28  2:53  Supply Depot  
  29  3:02  Hellion  
  30  3:06  SCV  
  31  3:15  Medivac, Hellion  
  31  3:17  Barracks Tech Lab  
  35  3:20  SCV  
  36  3:32  SCV  
  37  3:42  Marine x2  
  39  3:48  Refinery  
  39  3:49  Barracks  
  39  3:54  Bunker  
  39  4:00  SCV, Supply Depot, Marine x2  
  40  4:18  Marine x2  
  40  4:23  Cyclone  
  37  4:32  SCV, Orbital Command  
  37  4:35  Marine x2  
  40  4:40  Barracks Tech Lab  
  40  4:41  Engineering Bay  
  40  4:44  SCV  
  41  4:50  Barracks  
  41  4:53  Marine x2  
  41  4:56  SCV  
  41  4:58  Siege Tank  
  41  4:59  SCV  
  48  5:05  Refinery  
  48  5:08  SCV  
  48  5:10  Marine  
  48  5:11  Marine  
  50  5:18  SCV  
  50  5:20  SCV  
  47  5:30  SCV, Marine, Siege Tank  
  47  5:31  Marine  
  53  5:39  Missile Turret  
  53  5:41  SCV  
  53  5:42  SCV  
  55  5:43  Marine x2  
  55  5:47  Stimpack  
  57  5:53  SCV  
  57  5:54  SCV, Marine x2  
  61  6:00  Supply Depot  
  61  6:02  Supply Depot  
  61  6:04  Barracks Tech Lab  
  61  6:10  SCV  
  62  6:14  Refinery  
  62  6:16  Factory Reactor  
  62  6:22  SCV x2, Marauder, Marine x2  
  62  6:24  Supply Depot  
  68  6:26  Terran Infantry Weapons Level 1  
  68  6:29  Combat Shield  
  68  6:34  SCV, Marauder  
  68  6:36  SCV  
  72  6:40  Starport Reactor  
  72  6:42  Marine x2  
  72  6:46  SCV  
  75  6:47  Supply Depot  
  75  6:48  SCV  
  75  6:50  Marauder  
  78  6:54  Widow Mine  
  78  6:55  Widow Mine  
  78  6:58  SCV  
  78  7:00  SCV  
  84  7:02  Missile Turret  
  84  7:03  Marine x2  
  86  7:09  Marauder  
  86  7:10  SCV  
  86  7:12  Supply Depot  
  86  7:13  Supply Depot  
  89  7:16  Widow Mine  
  89  7:19  Medivac  
  93  7:27  Supply Depot  
  93  7:28  SCV  
  94  7:33  SCV, Medivac, Marine x2  
  99  7:40  Marauder  
  99  7:41  Marauder  
  99  7:43  SCV  
  104  7:45  SCV  
  104  7:46  Supply Depot x2  
  104  7:48  Medivac  
  107  7:55  SCV  
  107  7:58  Marine x2  
  109  7:59  Widow Mine x2  
  109  8:04  Liberator  
  116  8:10  Concussive Shells  
  116  8:12  SCV  
  117  8:15  Marauder x2  
  117  8:18  Liberator  
  124  8:25  Marine x2  
  126  8:31  Widow Mine  
  126  8:32  Widow Mine  
  126  8:33  Command Center  
  129  8:34  SCV  
  129  8:35  Marine  
  129  8:40  Marine  
  131  8:42  SCV, Marine  
  133  8:54  Supply Depot  
  133  8:55  Widow Mine  
  134  8:56  Supply Depot  
  133  9:06  SCV  
  133  9:07  Supply Depot  
  134  9:16  SCV, Widow Mine, Marine x2, Liberator  
  142  9:18  Widow Mine, Liberator  
  142  9:21  Supply Depot  
  147  9:24  Supply Depot  
  147  9:31  Marine x2  
  107  9:48  Marine  
  107  9:50  Widow Mine  
  107  9:51  Widow Mine  
  106  9:57  SCV, Orbital Command  
  106  9:58  SCV  
  106  9:59  Medivac  
  110  10:01  Medivac  
  110  10:02  Barracks  
  110  10:03  Marine x2  
  110  10:04  Barracks  
  114  10:09  SCV  
  114  10:12  Widow Mine  
  113  10:19  Marine x2  
  111  10:22  Marauder  
  111  10:25  Widow Mine  
  111  10:28  SCV x3  
  114  10:33  Medivac x2, Widow Mine  
  120  10:38  Marauder  
  120  10:40  SCV x3  
  125  10:47  Widow Mine, Marine x2  
  125  10:48  Marauder  
  131  10:52  SCV  
  131  10:55  Widow Mine  
  134  10:59  Marauder  
  134  11:03  Barracks Tech Lab, Liberator x2  
  134  11:04  Barracks Reactor  
  142  11:05  SCV  
  142  11:07  SCV x2  
  142  11:08  Widow Mine  
  142  11:09  Marauder  
  149  11:11  Marine x2  
  149  11:14  Refinery  
  149  11:16  Widow Mine  
  149  11:17  SCV  
  154  11:21  Marauder  
  154  11:28  Refinery  
  154  11:29  Marauder, Missile Turret, Marine x2, Widow Mine  
  154  11:30  Marine  
  161  11:34  Supply Depot  
  161  11:37  Widow Mine  
  163  11:40  Marine x2  
  163  11:41  Marine  
  163  11:45  Liberator  
  163  11:46  Liberator  
  163  11:47  Marine  
  172  11:51  Widow Mine  
  172  11:54  Marauder, Marine x2  
  178  11:59  Widow Mine  
  163  12:14  Marauder, Marine x2  
  143  12:16  Marine x2  
  143  12:17  Marauder  
  143  12:22  Widow Mine x2  
  131  12:26  Marauder  
  131  12:27  SCV x2  
  131  12:28  Liberator  
  134  12:31  Command Center, Liberator  
  134  12:32  Marine  
  134  12:33  Armory  
  134  12:36  Engineering Bay  
  134  12:41  Marine x2  
  134  12:42  Marauder  
  134  12:44  Widow Mine x2  
  142  12:46  SCV  
  142  12:47  Starport  
  142  12:50  Supply Depot, Marine x2  
  145  12:53  Marauder  
  145  12:54  Marine  
  148  13:00  Marine x2  
  148  13:03  Marauder  
  148  13:05  Widow Mine x2  
  156  13:07  Marine x2  
  158  13:15  Barracks  
  158  13:16  Barracks  
  158  13:17  Barracks  
  158  13:18  Ghost Academy  
  158  13:19  Marauder  
  162  13:20  Marine  
  162  13:25  Marauder, Marine  
  162  13:26  Widow Mine  
  162  13:27  Widow Mine, Marine  
  169  13:35  Marine  
  169  13:36  Marauder  
  169  13:40  Marauder, Marine  
  173  13:42  SCV x2  
  173  13:43  Marine  
  173  13:45  Marine  
  173  13:48  Widow Mine x2  
  181  14:01  Marauder, Marine x3  
  176  14:12  Marauder, Marine x2  
  173  14:19  Marine x2  
  175  14:25  Missile Turret  
Tags
 
Add a new tag
Caveats
  • Supply blocks, unpowered buildings, or Contaminate may cause inaccurate times.
  • Supply counts are checked every 10 seconds.